 Dungeon Crawl Stone Soup version 0.28-b1-38-gff268fdeb9 (webtiles) character file.

Game seed: 4570307520388180137

77093 EWolf27 the Brawler (level 15, -9/146 HPs)
             Began as a Troll Fighter on Jan 30, 2022.
             Was a High Priest of the Shining One.
             Mangled by a five-headed hydra (11 damage)
             ... on level 5 of the Lair of Beasts on Feb 3, 2022.
             The game lasted 02:36:31 (30736 turns).

EWolf27 the Brawler (Troll Fighter)                Turns: 30736, Time: 02:36:33

Health: -9/146     AC: 13    Str: 30    XL:     15   Next: 14%
Magic:  21/21      EV: 27    Int:  6    God:    the Shining One [*****.]
Gold:   1173       SH: 10    Dex: 13    Spells: 14/14 levels left

rFire   . . .      SeeInvis .     - Unarmed
rCold   . . .      Faith    .   b - +0 kite shield
rNeg    + + .      Spirit   .   Z - +0 acid dragon scales
rPois   +          Reflect  .   T - +2 hat
rElec   .          Harm     .   y - +0 cloak
rCorr   +          Rampage  .   (gloves unavailable)
Will    ++...                   (boots unavailable)
Stlth   +.........              w - amulet of the acrobat
HPRegen 1.14/turn               B - ring "Utruanyi" {Will+ Int+2 Stlth+}
MPRegen 0.17/turn               x - ring of poison resistance

@: acrobatic, glowing, studying Armour
A: large, unfitting armour, claws 3, regeneration 1, shaggy fur 1, tough skin 1
a: Renounce Religion, Divine Shield, Cleansing Flame, Summon Divine Warrior


You were on level 5 of the Lair of Beasts.
You worshipped the Shining One.
The Shining One was extremely pleased with you.
You visited 4 branches of the dungeon, and saw 22 of its levels.
You also visited: Bailey and Gauntlet.

You collected 2000 gold pieces.
You spent 827 gold pieces at shops.

Inventory:

Hand Weapons
 u - a +1 vorpal flail
 v - a +1 giant spiked club
 X - a +5 broad axe of venom
Missiles
 f - 6 boomerangs
 g - 11 javelins
 r - 10 large rocks (quivered)
 W - 3 silver javelins
Armour
 b - a +0 kite shield (worn)
 j - the +2 robe of Kics {rPois}
   (You found it on level 5 of the Lair of Beasts)

   rPois:     It protects you from poison.
 y - a +0 cloak (worn)
 M - a +2 robe of resistance
 T - a +2 hat (worn)
 Z - +0 acid dragon scales (worn)
Jewellery
 w - an amulet of the acrobat (around neck)
 x - a ring of poison resistance (right claw)
 B - the ring "Utruanyi" (left claw) {Will+ Int+2 Stlth+}
   (You bought it in a shop on level 5 of the Dungeon)

   [ring of willpower]

   Int:       It affects your intelligence (+2).
   Will:      It increases your willpower.
   Stlth:     It makes you more stealthy.
 K - a ring of flight
 L - the ring "Esizon" {Fire *Slow rN+ Str+2}
   (You found it in a Gauntlet)

   [ring of fire]

   It enhances your fire magic.
   Str:       It affects your strength (+2).
   rF:        It protects you from fire.
   rC:        It makes you vulnerable to cold.
   rN:        It protects you from negative energy.
   *Slow:     It may slow you when you take damage.
 P - a +4 ring of protection
 Y - an amulet of reflection
Wands
 a - a wand of mindburst (10)
 e - a wand of polymorph (17)
 C - a wand of iceblast (18)
 I - a wand of charming (3)
 R - a wand of paralysis (6)
Scrolls
 l - 5 scrolls of teleportation
 m - 3 scrolls of blinking
 n - 3 scrolls of amnesia
 q - 9 scrolls of fog
 D - a scroll of silence
 H - 6 scrolls of identify
 J - 4 scrolls of enchant armour
 Q - a scroll of summoning
 S - a scroll of fear
 U - a scroll of magic mapping
 V - 2 scrolls of holy word
Potions
 c - 2 potions of might
 d - a potion of brilliance {unknown}
 h - 2 potions of magic
 i - 4 potions of flight
 k - 8 potions of curing
 o - 2 potions of lignification
 p - a potion of cancellation
 s - 2 potions of mutation
 z - 2 potions of resistance
 F - a potion of berserk rage
 G - 2 potions of attraction
 O - a potion of haste


   Skills:
 * Level 9.1 Fighting
 * Level 5.1 Maces & Flails
 * Level 2.9 Throwing
 + Level 7.5 Armour
 - Level 10.0 Dodging
 - Level 9.0 Shields
 - Level 15.2 Unarmed Combat
 * Level 9.9 Invocations


You had 14 spell levels left.
You didn't know any spells.
Your spell library contained the following spells:

 Spells                   Type           Power      Damage    Failure   Level
 Animate Skeleton         Necr           0%         N/A       75%         1
 Beastly Appendage        Tmut           0%         N/A       75%         1
 Magic Dart               Conj           0%         1d3       75%         1
 Pain                     Necr           0%         1d4       75%         1
 Sandblast                Erth           0%         2d4       75%         1
 Ensorcelled Hibernation  Hex/Ice        0%         N/A       86%         2
 Passwall                 Tmut/Erth      0%         N/A       86%         2
 Searing Ray              Conj           0%         2d4       86%         2
 Wereblood                Tmut           0%         N/A       86%         2
 Frozen Ramparts          Ice            0%         1d2       98%         3
 Gell's Gravitas          Tloc           0%         N/A       98%         3
 Lesser Beckoning         Tloc           0%         N/A       98%         3
 Ozocubu's Armour         Ice            0%         N/A       98%         3
 Spider Form              Tmut/Pois      0%         N/A       98%         3
 Stone Arrow              Conj/Erth      0%         3d7       98%         3
 Teleport Other           Tloc           0%         N/A       98%         3
 Vampiric Draining        Necr           0%         2d6       98%         3
 Anguish                  Hex/Necr       0%         N/A       100%        4
 Fulminant Prism          Conj/Hex       0%         3d6       100%        4
 Ice Form                 Ice/Tmut       0%         N/A       100%        4
 Summon Ice Beast         Ice/Summ       0%         N/A       100%        4
 Blade Hands              Tmut           0%         N/A       100%        5
 Fireball                 Conj/Fire      0%         3d3       100%        5
 Irradiate                Conj/Tmut      0%         3d13      100%        5
 Iskenderun's Battlesphe  Conj           0%         2d6       100%        5
 Metabolic Englaciation   Hex/Ice        0%         N/A       100%        5
 Summon Mana Viper        Hex/Summ       0%         N/A       100%        5
 Conjure Ball Lightning   Conj/Air       0%         3x3d6     100%        6
 Simulacrum               Ice/Necr       0%         N/A       100%        6
 Dragon Form              Tmut           0%         N/A       100%        7
 Monstrous Menagerie      Summ           0%         N/A       100%        7
 Orb of Destruction       Conj           0%         9d5       100%        7
 Ozocubu's Refrigeration  Ice            0%         4d5       100%        7


Dungeon Overview and Level Annotations

Branches:
Dungeon (14/15)            Temple (1/1) D:5            Lair (5/6) D:10
 Shoals (0/4) Lair:3        Snake (0/4) Lair:2          Orc (2/2) D:10
    Elf (0/3) Orc:2        Bailey (visited)         Gauntlet (visited)
  Slime: Lair:5-6    Vaults: D:13-14

Altars:
Ashenzari
Cheibriados
Dithmenos
Elyvilon
Fedhas
Gozag
Hepliaklqana
Kikubaaqudgha
Makhleb
Nemelex Xobeh
Okawaru
Qazlal
Ru
Sif Muna
Trog
Uskayaw
Vehumet
Wu Jian
Xom
Yredelemnul
Zin
The Shining One
Beogh

Shops:
D:5 =?[*   D:9 *   Orc:1 :   Orc:2 ?*[(

Annotations:
Lair:5 Nessos


Innate Abilities, Weirdness & Mutations

You are too large for most types of armour.
You have claws for hands.
Your natural rate of healing is unusually fast.
You are covered in fur. (AC +1)
You have tough skin. (AC +1)


Message History

A yak comes into view.
You block the bullfrog's attack.
Nessos says, "Even if you were a mare, I'd kill you!"
Nessos shoots an arrow.
The arrow hits you.
* * * LOW HITPOINT WARNING * * *
The arrow burns you.
You are more poisoned.
* * * LOW HITPOINT WARNING * * *
You feel better.
Nessos shoots an arrow.
The arrow hits you.
* * * LOW HITPOINT WARNING * * *
The arrow burns you.
You are poisoned.
* * * LOW HITPOINT WARNING * * *
You block the bullfrog's attack.
Nessos shoots an arrow.
The arrow hits you!
* * * LOW HITPOINT WARNING * * *
The arrow burns you.
* * * LOW HITPOINT WARNING * * *
You feel very sick. You block the bullfrog's attack. x2
Blink to where?
Press: ? - help, Dir - move target
As you read the scroll of blinking, it crumbles to dust.
You feel sick.
The five-headed hydra roars!
You feel sick.
A bullfrog comes into view.
You feel sick.
The bullfrog croaks.
You feel sick.
You feel sick.
You feel sick. The bullfrog barely misses you.
Nessos wields a +2 longbow of flaming.
It bursts into flame!
Nessos shoots an arrow.
You block the arrow.
You feel sick.
You are no longer poisoned.
The five-headed hydra completely misses you.
The five-headed hydra bites you.
* * * LOW HITPOINT WARNING * * *
The five-headed hydra bites you!
You die...

.................
.......................#
.........[.............##
..........[.............#
........................#
.......................####....
....F...................# .....
...............D......#.##.Y.#
.............@F.......# #...#
.....................## #YY.#
...........F....###.Y.##
...............Y.#PY..#.
....................Y...
...................ยง....
.#P...PP#.P#..c..#.#P..P
####.#######....####### ##


You could see Nessos, a five-headed hydra and 2 bullfrogs.

Vanquished Creatures
  Rupert (D:13)
  A dire elephant (Lair:3)
  Snorg (D:13)
  A merfolk javelineer (D:12)
  Josephine (D:13)
  The ghost of Akaron the Frost Mage, a journeyman OpIE of Dithmenos (D:12)
  2 boulder beetles
  Harold (Lair:2)
  3 hydras
  An anaconda (Lair:5)
  Erica (D:7)
  5 two-headed ogres
  A death scarab (Gauntlet)
  Urug (Lair:5)
  3 tengu warriors (D:12)
  A soul eater (Gauntlet)
  Sonja (D:11)
  A deep elf knight (D:14)
  5 skeletal warriors
  A spectral hydra (Gauntlet)
  A lindwurm (Lair:4)
  6 orc knights
  2 deep elf pyromancers (D:13)
  An orc sorcerer (Orc:1)
  6 manticores
  A cyclops (Orc:2)
  13 elephants (Lair:3)
  10 black mambas
  2 gargoyles
  An unseen horror (D:10)
  Maggie (D:6)
  8 cane toads
  3 torpor snails (Lair:4)
  3 komodo dragons
  5 rime drakes
  2 efreet
  8 trolls
  Prince Ribbit (D:7)
  A polar bear (Lair:4)
  17 slime creatures
  A hornet (D:7)
  16 blink frogs
  Grinder (D:3)
  A raiju (shapeshifter) (D:12)
  A centaur simulacrum (D:13)
  A spriggan (Lair:2)
  A vampire (D:10)
  A shadow (D:11)
  41 yaks
  7 wraiths
  2 wyverns (Lair:3)
  2 basilisks
  3 steam dragons
  2 vampire mosquitoes (D:7)
  Edmund (D:4)
  Menkaure (D:4)
  3 wargs
  3 acid dragons
  21 water moccasins
  Duvessa (D:7)
  50 orc warriors
  2 sky beasts (D:7)
  7 ogres
  24 wolves
  28 centaurs
  A phantom (D:5)
  The ghost of Tzialkovskiy the Covered, an amateur GrFi (D:3)
  10 bullfrogs
  3 kobold brigands
  2 scorpions
  A wyvern zombie (D:7)
  A wyvern skeleton (D:7)
  Dowan (D:7)
  2 water moccasin skeletons
  2 wights
  16 killer bees
  6 howler monkeys
  4 centaur zombies
  2 jellies
  11 orc priests
  A bullfrog zombie (D:7)
  4 hounds
  A gnoll shaman (D:10)
  Crazy Yiuf (D:4)
  A bullfrog skeleton (D:7)
  2 centaur skeletons (D:7)
  21 orc wizards
  11 hell rats (Lair:2)
  A killer bee zombie (D:7)
  A hound skeleton (D:4)
  Robin (D:2)
  7 gnolls
  2 howler monkey zombies
  6 adders
  10 river rats (Lair:2)
  4 shadow imps (Gauntlet)
  2 white imps
  An adder skeleton (D:4)
  A worm (D:5)
  3 dart slugs
  100 orcs
  4 ball pythons (D:1)
  6 endoplasms
  3 giant cockroaches (D:2)
  13 hobgoblins
  16 jackals
  8 quokkas
  6 bats
  7 frilled lizards
  14 goblins
  19 kobolds
  16 rats
702 creatures vanquished.

Vanquished Creatures (collateral kills)
  A hydra (D:11)
  A wraith (D:11)
2 creatures vanquished.

Vanquished Creatures (others)
  98 fungi
  86 plants
184 creatures vanquished.

Grand Total: 888 creatures vanquished

Notes
Turn   | Place    | Note
-------+----------+-------------------------------------------
     0 | D:1      | EWolf27 the Troll Fighter began the quest for the Orb.
     0 | D:1      | Reached XP level 1. HP: 22/22 MP: 0/0
   391 | D:1      | Reached XP level 2. HP: 29/29 MP: 1/1
  1024 | D:2      | Reached XP level 3. HP: 30/36 MP: 2/2
  1195 | D:2      | Reached XP level 4. HP: 44/44 MP: 3/3
  1203 | D:2      | Found an ancient bone altar of Kikubaaqudgha.
  1318 | D:2      | Found a faded altar of an unknown god.
  1507 | D:2      | Reached skill level 3 in Unarmed Combat
  2077 | D:3      | Noticed Robin
  2085 | D:3      | Reached XP level 5. HP: 49/50 MP: 4/4
  2139 | D:2      | Killed Robin
  2336 | D:3      | Noticed Tzialkovskiy's ghost (amateur GrFi)
  2340 | D:3      | Found a transporter.
  2343 | D:3      | Found a transporter.
  2363 | D:3      | Reached skill level 4 in Unarmed Combat
  2379 | D:3      | Noticed Grinder
  2416 | D:3      | Paralysed by Grinder for 3 turns
  2422 | D:3      | Paralysed by Grinder for 7 turns
  2437 | D:3      | Paralysed by Grinder for 6 turns
  2482 | D:3      | Killed Grinder
  2483 | D:3      | Reached XP level 6. HP: 38/61 MP: 5/5
  3176 | D:4      | Reached skill level 5 in Unarmed Combat
  3191 | D:4      | Reached XP level 7. HP: 67/67 MP: 6/6
  3264 | D:4      | You fall into a shaft and drop 1 floor!
  3264 | D:5      | Entered Level 5 of the Dungeon
  3364 | D:5      | Found a basalt altar of Yredelemnul.
  3364 | D:5      | Found a shimmering altar of Xom.
  3392 | D:5      | Found an iron altar of Okawaru.
  3395 | D:5      | Found an opulent altar of Gozag.
  3397 | D:5      | Found a faded altar of an unknown god.
  3528 | D:4      | Noticed Edmund
  3569 | D:4      | Killed Edmund
  3589 | D:4      | Noticed Menkaure
  3602 | D:5      | Reached skill level 6 in Unarmed Combat
  3784 | D:5      | Found a sparkling altar of Nemelex Xobeh.
  3831 | D:5      | Reached XP level 8. HP: 75/75 MP: 7/7
  3897 | D:5      | Reached skill level 7 in Unarmed Combat
  4053 | D:5      | Found a staircase to the Ecumenical Temple.
  4053 | D:5      | Found Tydduoch's Jewellery Emporium.
  4063 | Temple   | Entered the Ecumenical Temple
  4167 | Temple   | Became a worshipper of the Shining One
  4196 | D:5      | Found Qytrione's Magic Scroll Emporium.
  4245 | D:5      | Bought a scroll of identify for 22 gold pieces
  4373 | D:5      | Found Uphurgh's Assorted Antiques.
  4435 | D:4      | Killed Menkaure
  4436 | D:4      | Reached skill level 1 in Invocations
  4682 | D:4      | Found a runed translucent door.
  4683 | D:4      | Noticed Crazy Yiuf
  4764 | D:4      | Killed Crazy Yiuf
  4886 | D:3      | Killed Tzialkovskiy's ghost
  4950 | D:5      | Bought a coiled amber ring for 155 gold pieces
  4950 | D:5      | Identified the ring "Utruanyi" {Will+ Int+2 Stlth+} (You
                  | bought it in a shop on level 5 of the Dungeon)
  5169 | D:5      | Found Wuihol's Armour Shop.
  5282 | D:5      | Reached skill level 5 in Dodging
  5354 | D:6      | Reached skill level 8 in Unarmed Combat
  5477 | D:6      | Reached XP level 9. HP: 77/83 MP: 9/9
  5547 | D:6      | Noticed Maggie
  5559 | D:6      | Killed Maggie
  5560 | D:6      | Reached skill level 5 in Shields
  5912 | D:7      | Reached skill level 9 in Unarmed Combat
  5964 | D:7      | Reached * piety under the Shining One
  5982 | D:7      | Noticed Prince Ribbit
  5993 | D:7      | Killed Prince Ribbit
  6207 | D:7      | Noticed Dowan
  6208 | D:7      | Noticed Duvessa
  6225 | D:7      | Killed Duvessa
  6229 | D:7      | Killed Dowan
  6365 | D:7      | Found a runed translucent door.
  6387 | D:7      | HP: 1/84 [water moccasin (10)]
  6394 | D:7      | Reached XP level 10. HP: 37/92 MP: 9/12
  6463 | D:7      | Reached skill level 10 in Unarmed Combat
  6655 | D:7      | Paralysed by a hornet for 3 turns
  6936 | D:8      | Noticed Erica
  6954 | D:7      | Killed Erica
  7084 | D:8      | Reached ** piety under the Shining One
  7103 | D:8      | Reached skill level 11 in Unarmed Combat
  7117 | D:8      | Reached skill level 5 in Invocations
  7187 | D:8      | Found a flagged portal.
  7193 | D:8      | Identified the +5 halberd of Action {venom, rN+}
  7213 | Bailey   | Entered a bailey
  7735 | Bailey   | Reached XP level 11. HP: 86/101 MP: 14/14
  9086 | D:8      | Reached skill level 1 in Armour
  9450 | D:8      | Reached skill level 12 in Unarmed Combat
  9486 | D:9      | Noticed a two-headed ogre
  9887 | D:9      | Found a snail-covered altar of Cheibriados.
  9902 | D:9      | Found Vepn's Elemental Accessories.
 10017 | D:9      | Killed a two-headed ogre
 10151 | D:10     | Entered Level 10 of the Dungeon
 10455 | D:10     | Reached *** piety under the Shining One
 10701 | D:10     | Found a staircase to the Orcish Mines.
 11125 | D:10     | Found a staircase to the Lair.
 11460 | D:11     | Reached skill level 5 in Fighting
 11487 | D:11     | Noticed Sonja
 11834 | D:5      | Bought a potion of heal wounds for 155 gold pieces
 12012 | D:7      | Reached skill level 13 in Unarmed Combat
 12037 | D:7      | Noticed an eight-headed hydra
 12039 | D:7      | Noticed a seven-headed hydra
 12040 | D:7      | Identified the ring "Qoraeso" {rPois rC++ Int-5 Dex+6}
 12214 | D:11     | Noticed a two-headed ogre
 12219 | D:10     | Killed a two-headed ogre
 12220 | D:10     | Reached XP level 12. HP: 106/111 MP: 14/16
 12246 | D:11     | Killed Sonja
 12272 | D:11     | Noticed a two-headed ogre
 12277 | D:11     | Killed a two-headed ogre
 12465 | D:11     | Reached skill level 5 in Armour
 12779 | D:12     | Noticed a two-headed ogre
 12810 | D:12     | Killed a two-headed ogre
 12902 | D:12     | Found a runed translucent gate.
 12902 | D:12     | Found a runed translucent gate.
 12902 | D:12     | Found a runed translucent gate.
 12902 | D:12     | Noticed a naga warrior
 12902 | D:12     | Noticed a tengu warrior
 12902 | D:12     | Reached **** piety under the Shining One
 12902 | D:12     | Noticed a merfolk javelineer
 12903 | D:12     | Found an iron altar of Okawaru.
 12903 | D:12     | Noticed a tengu warrior
 12903 | D:12     | Noticed a tengu warrior
 12903 | D:12     | Noticed Akaron's ghost (journeyman OpIE)
 12905 | D:12     | Noticed a naga warrior
 12997 | D:12     | Found a gate leading to a gauntlet.
 13011 | Gauntlet | Entered a Gauntlet
 13011 | Gauntlet | Found a transporter.
 13014 | Gauntlet | Noticed a death scarab
 13020 | Gauntlet | Found a transporter.
 13023 | Gauntlet | Found a transporter.
 13025 | Gauntlet | Found a transporter.
 13032 | Gauntlet | Found a transporter.
 13035 | Gauntlet | Found a transporter.
 13036 | Gauntlet | Found a transporter.
 13045 | Gauntlet | Found a transporter.
 13045 | Gauntlet | Noticed a death scarab
 13048 | Gauntlet | Found a transporter.
 13049 | Gauntlet | Found a transporter.
 13061 | Gauntlet | Found a transporter.
 13061 | Gauntlet | Found a transporter.
 13062 | Gauntlet | Found a transporter.
 13065 | Gauntlet | Reached ***** piety under the Shining One
 13070 | Gauntlet | Found a transporter.
 13305 | Gauntlet | Killed a death scarab
 13306 | Gauntlet | Reached skill level 14 in Unarmed Combat
 13434 | Gauntlet | Identified the +7 trident of Himankil {speed, rF+ rN+ Str+2
                  | Int+2}
 13434 | Gauntlet | Identified the ring "Tiuk" {Fly rElec rCorr}
 13434 | Gauntlet | Noticed a minotaur
 13485 | Gauntlet | Identified the ring "Esizon" {Fire *Slow rN+ Str+2}
 13492 | Gauntlet | HP: 4/113 [minotaur/javelin (15)]
 14380 | D:12     | Noticed a boulder beetle
 14396 | D:12     | Killed a boulder beetle
 14559 | D:13     | Noticed Rupert
 14566 | D:13     | Paralysed by Rupert for 3 turns
 14691 | D:13     | Noticed a two-headed ogre
 14715 | D:13     | Killed a two-headed ogre
 14742 | D:13     | Noticed a seven-headed hydra
 14938 | D:13     | Noticed Snorg
 14955 | D:13     | Reached XP level 13. HP: 122/122 MP: 17/17
 14967 | D:13     | Killed Snorg
 15140 | D:13     | Noticed Josephine
 15148 | D:13     | Killed Josephine
 15631 | D:14     | Identified the +11 trident "Orb Guardian's Regret" {drain,
                  | rF+}
 15663 | D:14     | Reached skill level 1 in Maces & Flails
 16086 | Lair:1   | Entered Level 1 of the Lair of Beasts
 16685 | Lair:1   | Reached skill level 15 in Unarmed Combat
 17411 | Lair:2   | Found a staircase to the Snake Pit.
 17739 | Lair:2   | Noticed Harold
 17756 | Lair:2   | Killed Harold
 19285 | Lair:3   | Noticed a dire elephant
 19586 | Lair:3   | Found a staircase to the Shoals.
 19910 | D:5      | Bought a +1 hat for 165 gold pieces
 20036 | Orc:1    | Entered Level 1 of the Orcish Mines
 20429 | Orc:1    | Found a burning altar of Makhleb.
 20500 | Orc:2    | Entered Level 2 of the Orcish Mines
 20609 | Orc:2    | Reached XP level 14. HP: 124/133 MP: 19/19
 20742 | Orc:2    | Found a staircase to the Elven Halls.
 21943 | Orc:2    | Found Pobacra's General Store.
 21943 | Orc:2    | Found Athryemu's Armour Boutique.
 21945 | Orc:2    | Found Tofroxor's Antique Weapon Shop.
 21947 | Orc:2    | Found Ruwik's Magic Scroll Emporium.
 21963 | Orc:2    | Bought a scroll of magic mapping for 42 gold pieces
 21963 | Orc:2    | Bought a scroll of teleportation for 36 gold pieces
 21963 | Orc:2    | Bought a scroll of teleportation for 36 gold pieces
 21963 | Orc:2    | Bought a scroll of holy word for 90 gold pieces
 21963 | Orc:2    | Bought a scroll of teleportation for 36 gold pieces
 21963 | Orc:2    | Bought a scroll of blinking for 90 gold pieces
 22147 | Orc:1    | Found Vutromn's Book Shoppe.
 23384 | Lair:4   | Reached skill level 10 in Dodging
 23786 | Lair:4   | Found a snail-covered altar of Cheibriados.
 24608 | Lair:4   | Upgraded the game from 0.28-b1-25-g9875b3fc8c to
                  | 0.28-b1-38-gff268fdeb9
 24628 | Lair:5   | Noticed Urug
 25945 | D:12     | HP: 2/136 [frozen (21)]
 26368 | D:12     | Killed Akaron's ghost
 26682 | D:13     | Paralysed by Rupert for 6 turns
 26695 | D:13     | Killed Rupert
 26854 | D:13     | Reached skill level 1 in Throwing
 26965 | D:13     | Noticed a fire giant
 26967 | D:13     | Identified the +1 robe of a wizard's laboratory {rCorr MP-9
                  | Int+3 Stlth+}
 27119 | D:14     | Found a hide-covered altar of Uskayaw.
 29092 | Lair:4   | Found a snail-covered altar of Cheibriados.
 29335 | Lair:4   | Reached XP level 15. HP: 78/145 MP: 21/21
 29644 | Lair:5   | Killed Urug
 29970 | Lair:5   | Reached skill level 5 in Maces & Flails
 30680 | Lair:5   | Identified the +2 robe of Kics {rPois}
 30689 | Lair:5   | Noticed Nessos
 30732 | Lair:5   | HP: 7/146 [poisoned by Nessos]
 30736 | Lair:5   | HP: 2/146 [five-headed hydra (5)]
 30736 | Lair:5   | Mangled by a five-headed hydra

Illustrated notes

Levels and vault maps discovered:
D:1:      amcnicky_arrival_abandoned_market, layout_loops_corners,
          nrook_loot_triangle
D:2:      minmay_razor_zed, layout_loops_cross, basic_altar,
          shapermc_ecumenical_altar_notcrosses
D:3:      layout_loops_ring, gammafunk_ghost_arena, uniq_grinder, uniq_robin
D:4:      layout_cave_pools, serial_column_ruins, column_ruins_hut_ruined,
          column_ruins_columns_dead_end, column_ruins_columns_straight,
          column_ruins_open_small, column_ruins_open_medium,
          column_ruins_open_medium, column_ruins_open_tiny, column_ruins_grid_1,
          uniq_edmund, uniq_crazy_yiuf_cottage, uniq_menkaure
D:5:      layout_gridville, chequers_temple_overflow_minitemple,
          nemelex_dance_club_becter, minmay_temple_entry_stoned_glass,
          serial_shops, shop, shop, nicolae_lakefront_shop,
          nicolae_shop_temple_entry_statues_fountains,
          chequers_serial_rivers_small_a
D:6:      layout_rooms, uniq_maggie
D:7:      minmay_the_grid_triangle_9x9_rhombus_full
          [minmay_the_grid_triangle_9x9_cache,
          minmay_the_grid_triangle_9x9_sparse_checkered,
          minmay_the_grid_triangle_9x9_subtriangle,
          minmay_the_grid_triangle_9x9_thin_v,
          minmay_the_grid_triangle_9x9_longest,
          minmay_the_grid_triangle_9x9_intruding_spiral,
          minmay_the_grid_triangle_9x9_steps,
          minmay_the_grid_triangle_9x9_prize_special], layout_basic,
          uniq_prince_ribbit1, uniq_duvessa
D:8:      layout_gridville, enter_bailey_2, special_room [special_room_orc],
          uniq_erica
D:9:      layout_long_grid, general_overflow_altar, nicolae_elemental_shop
D:10:     minmay_angry_zag, layout_basic, david_lair_shrubbed, orc_0_dummy,
          special_room [special_room_orc]
D:11:     layout_rooms, uniq_sonja
D:12:     minmay_inside_and_out, layout_loops_cross, gauntlet_entry_generic,
          gammafunk_ghost_fury_of_okawaru, kennysheep_generic_room_6
D:13:     minmay_tile_spiral, layout_basic, serial_glass, glass_columns_a,
          glass_columns_c, item_on_display_a, due_unseen_surprise, uniq_snorg,
          uniq_rupert, uniq_josephine
D:14:     layout_irregular_city, grunt_vaults_entry_fortified,
          serial_co_window_serial, co_window_corner_a,
          co_window_of_opportunity_a, co_window_paths_b, co_window_cross_1,
          co_window_paths_b, co_window_paths_a, co_window_corner_cb,
          co_window_2corner, co_window_of_opportunity_c, co_window_4corner_b,
          glass_columns_c, nicolae_uskayaw_dance_hall
Temple:   kb_temple_of_zot
Lair:1:   layout_regular_city, serial_bayou_shore_b
Lair:2:   lemuel_ratsnest, layout_regular_city,
          minmay_snake_entry_six_corridors, grunt_megastairs_3, uniq_harold
Lair:3:   mu_elephants_graveyard, layout_concentric_octagons,
          elwin_shoals_entry_rocks
Lair:4:   layout_hall_layers, kennysheep_snail_temple
Lair:5:   beast_lair_carwin_large_3, layout_long_grid,
          portal_ice_cave_entry_pillars_2, uniq_urug, uniq_nessos
Orc:1:    layout_caves, serial_shops, nicolae_shop_crystal, lemuel_statue_altar
Orc:2:    st_orc_rangers, layout_diamond_mine

Skill      XL: |  1  2  3  4  5  6  7  8  9 10 11 12 13 14 15 |
---------------+----------------------------------------------+-----
Shields        | 3 4 5 6 7 9 |  9.0
Dodging        | 3 4 5 6 7 8 9 10 | 10.0
Unarmed Combat | 3 4 5 6 8 9 11 13 14 15 | 15.2
Fighting       | 3 4 5 6 7 8 9 |  9.1
Invocations    | 2 4 5 6 7 8 9 |  9.9
Armour         | 4 6 7 |  7.5
Maces & Flails | 2 4 5 |  5.1
Throwing       | 2 |  2.9

Action                   |  1- 3 |  4- 6 |  7- 9 | 10-12 | 13-15 || total
-------------------------+-------+-------+-------+-------+-------++-------
Melee: Unarmed           |    80 |   193 |   260 |   698 |   971 ||  2202
       Flail             |       |       |       |     2 |    98 ||   100
Throw: Throwing net      |       |     1 |       |       |       ||     1
       Large rock        |       |       |     5 |     4 |     7 ||    16
       Javelin           |       |       |       |    31 |     8 ||    39
       Boomerang         |       |       |       |    51 |    37 ||    88
Invok: Divine Shield     |       |       |     1 |     5 |     5 ||    11
       Summon Divine War |       |       |       |       |     1 ||     1
Evoke: Wand              |       |       |       |     4 |     7 ||    11
  Use: Scroll            |       |       |     5 |    19 |    10 ||    34
       Potion            |       |       |     2 |     2 |     4 ||     8
 Stab: Distracted        |       |     1 |       |       |       ||     1
       Sleeping          |       |     1 |       |       |       ||     1
Armor: Robe              |    21 |    49 |    41 |       |       ||   111
       Steam dragon scal |       |       |    18 |   200 |   300 ||   518
       Acid dragon scale |       |       |       |       |    69 ||    69
Dodge: Dodged            |    16 |    50 |    94 |   372 |   853 ||  1385
Block: Kite shield       |    23 |    70 |   108 |   357 |   793 ||  1351
